 Dungeon Crawl Stone Soup version 0.31.0-9-g3a7656b989 (webtiles) character file.

Game seed: 5524249472607798235

134 qw the Skirmisher (level 4, -1/25 HPs)
             Began as a Deep Elf Hunter on Feb 2, 2024.
             Killed from afar by an orc wizard (10 damage)
             ... with a puff of flame
             ... on level 3 of the Dungeon.
             The game lasted 00:00:05 (1710 turns).

qw the Skirmisher (Deep Elf Hunter)                 Turns: 1710, Time: 00:00:05

Health: -1/25      AC:  4    Str: 10    XL:     4   Next: 95%
Magic:  6/6        EV: 12    Int: 14    God:
Gold:   183        SH:  0    Dex: 18    Spells: 3/3 levels left

rFire   . . .        a - +0 shortbow
rCold   . . .        (shield currently unavailable)
rNeg    . . .        c - +0 leather armour
rPois   .            (no helmet)
rElec   .            d - +0 cloak
rCorr   .            (no gloves)
SInv    .            (no boots)
Will    .....        (no amulet)
Stlth   ++           (no ring)
HPRegen 0.24/turn    (no ring)
MPRegen 0.10/turn

%: no passive effects
@: no status effects
A: no striking features
a: no special abilities


You were on level 3 of the Dungeon.
You visited 1 branch of the dungeon, and saw 3 of its levels.

You collected 183 gold pieces.


   Skills:
 - Level 1.5 Fighting
 + Level 8.3 Ranged Weapons
 - Level 2.4 Dodging
 - Level 1.2 Stealth


You had 3 spell levels left.
You didn't know any spells.
Your spell library was empty.

Inventory:

Hand Weapons
 a - a +0 shortbow (weapon)
Armour
 c - a +0 leather armour (worn)
 d - a +0 cloak (worn)
Wands
 b - a wand of acid (5)
Scrolls
 h - 2 scrolls of teleportation
 i - a scroll of identify {unknown}
Potions
 e - a potion of heal wounds {unknown}
 f - 6 potions of curing
 g - a potion of lignification {unknown}

Dungeon Overview and Level Annotations

Branches:
Dungeon (3/15)

Altars:
Vehumet


Message History

You hear a shout!
The orc wizard casts a spell.
The orc wizard flickers and vanishes!
Deactivating autopickup; reactivate with Ctrl-A.
You shoot an arrow. The arrow hits the orc.
You kill the orc!
You shoot an arrow. You shoot an arrow.
An orc wizard comes into view. It is wielding a +0 dagger.
You shoot an arrow. The orc wizard shouts!
You shoot an arrow. The arrow hits the orc wizard.
The orc wizard is moderately wounded.
You shoot an arrow. The arrow hits the orc wizard.
The orc wizard is severely wounded.
You shoot an arrow. The arrow hits the orc wizard.
The orc wizard is almost dead.
You shoot an arrow. The arrow barely misses the orc wizard.
The orc wizard gestures at you while chanting.
The puff of flame hits you! Something hits you.
You shoot an arrow. The arrow hits the orc wizard.
You kill the orc wizard!
Something hits you but does no damage.
You shoot an arrow.
You hear some strange, mumbled words.
You are confused.
You shoot an arrow. Something hits you.
You shoot an arrow. Something hits you.
You shoot an arrow. Something hits you but does no damage.
You shoot an arrow. Something hits you.
You shoot an arrow.
You feel less confused.
You hear some strange, mumbled words.
A puff of flame appears from out of thin air!
The puff of flame hits you!
You die...

#############
##...........#
#######{..########.#
.)..)..@..# #.#
#######...# #.#
##### #.# #.#
######## #.# #.#
#...~..# ##.# . #.#
#..~~~.## #..# . #.#
###.~~~~..## #.##
.##.# #...~~~~...#
#.# ....#
#.#P~~~~.#.# #.#


There were no monsters in sight!

Vanquished Creatures
  Jessica (D:2)
  An orc wizard (D:3)
  3 adders
  An adder zombie (D:3)
  A ribbon worm (D:2)
  A dart slug (D:2)
  2 orcs (D:3)
  3 ball pythons
  3 endoplasms
  5 giant cockroaches
  5 goblins
  6 hobgoblins
  3 jackals (D:1)
  3 bats
  2 frilled lizards (D:2)
  A kobold (D:2)
  3 rats (D:2)
44 creatures vanquished.

Notes
Turn   | Place    | Note
-------+----------+-------------------------------------------
     0 | D:1      | qw the Deep Elf Hunter began the quest for the Orb.
     0 | D:1      | Reached XP level 1. HP: 12/12 MP: 3/3
     0 | D:1      | 0 ||| qw: Version: 0.3-a-155-g5e7d8dd
     0 | D:1      | 0 ||| qw: Game counter: 70
     0 | D:1      | 0 ||| qw: Melee chars always use a shield: true
     0 | D:1      | 0 ||| qw: God list: Okawaru
     0 | D:1      | 0 ||| qw: Allow faded altars: false
     0 | D:1      | 0 ||| qw: Do Orc after clearing Dungeon:15 true
     0 | D:1      | 0 ||| qw: Do second Lair branch before Depths: true
     0 | D:1      | 0 ||| qw: Lair rune preference: random
     0 | D:1      | 0 ||| qw: Goals: Normal
     0 | D:1      | 0 ||| PLANNING D:1-11
   112 | D:1      | Reached XP level 2. HP: 16/16 MP: 4/4
   199 | D:1      | Reached skill level 6 in Ranged Weapons
   277 | D:1      | HP: 4/16 [jackal (3)]
   282 | D:1      | HP: 3/16 [jackal (1)]
   694 | D:1      | 694 ||| READING scroll labelled OCIXYA RAINLATS.
   695 | D:1      | 695 ||| READING scroll labelled JUOXTO ZAZOWUDAE.
   796 | D:1      | 796 ||| READING scroll labelled ZORURITWO AMOG.
   797 | D:1      | 797 ||| READING scroll labelled JIUNOGOYWN.
   798 | D:1      | 798 ||| READING scroll labelled RUAFUTHOUPIN.
   799 | D:1      | 799 ||| READING scroll labelled HAPUAC ECOKOOM.
   803 | D:1      | 803 ||| DRINKING 2 pink potions.
   804 | D:1      | 804 ||| DROPPING scroll of butterflies.
   857 | D:2      | Reached XP level 3. HP: 20/20 MP: 5/5
  1033 | D:2      | Reached skill level 7 in Ranged Weapons
  1217 | D:2      | Noticed Jessica
  1222 | D:2      | Killed Jessica
  1223 | D:2      | Reached XP level 4. HP: 25/25 MP: 6/6
  1464 | D:2      | 1464 ||| UPGRADING to +0 cloak.
  1469 | D:2      | 1469 ||| DRINKING 2 dark potions.
  1470 | D:2      | 1470 ||| DROPPING potion of attraction.
  1474 | D:3      | Found a radiant altar of Vehumet.
  1623 | D:3      | Reached skill level 8 in Ranged Weapons
  1710 | D:3      | Killed from afar by an orc wizard

Levels and vault maps discovered:
D:1:      grunt_arrival_crossed_arrows, layout_basic, chequers_mini_garden
D:2:      layout_basic, chequers_serial_rivers_micro_d,
          minmay_tree_intersection, minmay_fractal_squares_5, uniq_jessica
D:3:      layout_loops_ring, amcnicky_altar_gilded, serial_undead,
          serial_undead_a, serial_undead_f, serial_undead_e, serial_undead_d,
          uniq_robin

Skill      XL: |  1  2  3  4 |
---------------+-------------+-----
Ranged Weapons | 6 7 8 |  8.3
Fighting       | |  1.5
Dodging        | |  2.4
Stealth        | |  1.2

Action                     |  1- 3 |  4- 6 || total
---------------------------+-------+-------++-------
   Fire: Shortbow          |    89 |    42 ||   131
    Use: Scroll            |     6 |       ||     6
         Potion            |     1 |     1 ||     2
 Armour: Leather armour    |    22 |    10 ||    32
  Dodge: Dodged            |    22 |     2 ||    24

Table legend:
 A = Non-vault XP
 B = Vault XP
 C = Vault XP percentage of total XP
 D = Non-vault monster count
 E = Vault monster count
 F = Vault count percentage of total count
                 A         B        C        D         E       F
            +---------+---------+-------+---------+---------+-------
      Total |     137 |      55 |  28.6 |      37 |       7 |  15.9
            +---------+---------+-------+---------+---------+-------
        D:1 |      30 |       0 |   0.0 |      16 |       0 |   0.0
        D:2 |      37 |      47 |  56.0 |      15 |       5 |  25.0
        D:3 |      70 |       8 |  10.3 |       6 |       2 |  25.0
            +---------+---------+-------+---------+---------+-------
